 Dungeon Crawl Stone Soup version 0.30.1-11-g7821555f0a (webtiles) character file.

Game seed: 5582609684623488831

20107 lonewolfV2 the Protected (level 12, -23/106 HPs)
             Began as a Minotaur Fighter on Nov 9, 2023.
             Was a Believer of Qazlal.
             Annihilated by Rupert
             ... wielding a +3 heavy great mace
              (42 damage)
             ... on level 13 of the Dungeon.
             The game lasted 00:22:28 (12468 turns).

lonewolfV2 the Protected (Minotaur Fighter)        Turns: 12468, Time: 00:22:28

Health: -23/106    AC: 18    Str: 16    XL:     12   Next: 42%
Magic:  15/18      EV: 15    Int: 11    God:    Qazlal [**....]
Gold:   860        SH: 13    Dex: 14    Spells: 11/11 levels left

rFire   + + .        I - +7 falchion "Daessom" {venom, rF++ rCorr Str-4 Int+2}
rCold   + . .        c - +0 buckler
rNeg    . . .        P - +0 plate armour
rPois   .            (helmet restricted)
rElec   .            (no cloak)
rCorr   +            (no gloves)
SInv    .            p - +2 pair of boots
Will    +....        O - amulet of reflection Stlth
                     M - ring of willpower
HPRegen 0.37/turn    i - +5 ring of evasion
MPRegen 0.16/turn

%: reflection
@: studying Short Blades
A: horns 2, retaliatory headbutt, clever 1, cold resistance 1, mutation
resistance 1, subdued magic 1, sturdy frame 1, noise suppression
a: Renounce Religion, Upheaval


You were on level 13 of the Dungeon.
You worshipped Qazlal.
Qazlal was pleased with you.
You visited 2 branches of the dungeon, and saw 14 of its levels.
You also visited: Ossuary.

You collected 860 gold pieces.

Inventory:

Hand Weapons
 a - a +1 war axe
 k - the +9 whip "Leviticus" {freeze, rC+ rN++ Str-4}
   (You found it on level 2 of the Dungeon)

   Str:       It affects your strength (-4).
   rC:        It protects you from cold.
   rN:        It greatly protects you from negative energy.
 I - the +7 falchion "Daessom" (weapon) {venom, rF++ rCorr Str-4 Int+2}
   (You found it on level 8 of the Dungeon)

   Str:       It affects your strength (-4).
   Int:       It affects your intelligence (+2).
   rF:        It greatly protects you from fire.
   rCorr:     It protects you from acid and corrosion.
 K - the +2 dagger of Xiessux {freeze, rElec rF++ Str+2 Int-4}
   (You found it on level 8 of the Dungeon)

   Str:       It affects your strength (+2).
   Int:       It affects your intelligence (-4).
   rF:        It greatly protects you from fire.
   rElec:     It insulates you from electricity.
Missiles
 x - 2 throwing nets (quivered)
Armour
 c - a +0 buckler (worn)
 p - a +2 pair of boots (worn)
 P - a +0 plate armour (worn)
Jewellery
 e - a ring of magical power
 i - a +5 ring of evasion (right hand)
 l - a ring of positive energy
 q - a ring of positive energy
 s - an amulet of guardian spirit
 L - a ring of ice
 M - a ring of willpower (left hand)
 O - an amulet of reflection (around neck)
Wands
 g - a wand of iceblast (18)
 t - a wand of mindburst (6)
 v - a wand of flame (14)
 w - a wand of charming (7)
 y - a wand of digging (6)
 Q - a wand of polymorph (3)
Scrolls
 j - 6 scrolls of teleportation
 m - 3 scrolls of noise
 u - 7 scrolls of fear
 B - 2 scrolls of enchant weapon
 F - 3 scrolls of poison
 J - 2 scrolls of fog
 N - a scroll of magic mapping
 S - a scroll of blinking
Potions
 d - 3 potions of might
 f - 5 potions of degeneration
 h - a potion of curing
 n - a potion of magic
 r - a potion of berserk rage
 z - 4 potions of invisibility
 C - 4 potions of haste
 E - 3 potions of attraction
 R - a potion of heal wounds
Miscellaneous
 b - a piece from Xom's chessboard (15/15)


   Skills:
 - Level 10.1 Fighting
 + Level 9.4 Long Blades
 - Level 2.4(6.9) Axes
 - Level 10.2(10.4) Maces & Flails
 * Level 10.4 Armour
 - Level 10.1 Dodging
 - Level 3.6 Shields
 - Level 9.5 Invocations


You had 11 spell levels left.
You didn't know any spells.
Your spell library contained the following spells:

 Spells                   Type           Power      Damage    Failure   Level
 Magic Dart               Conj           0%         1d3       99%         1
 Call Imp                 Summ           0%         N/A       100%        2
 Poisonous Vapours        Pois/Air       0%         N/A       100%        2
 Frozen Ramparts          Ice            0%         1d1       100%        3
 Hailstorm                Conj/Ice       0%         3d3       100%        3
 Mephitic Cloud           Conj/Pois/Air  0%         N/A       100%        3
 Ice Form                 Ice/Tmut       0%         N/A       100%        4
 Manifold Assault         Tloc           0%         N/A       100%        4
 Summon Ice Beast         Ice/Summ       0%         N/A       100%        4
 Freezing Cloud           Conj/Ice/Air   0%         6-21      100%        5
 Dispersal                Tloc           0%         N/A       100%        6
 Simulacrum               Ice/Necr       0%         N/A       100%        6
 Disjunction              Tloc           0%         N/A       100%        8


Dungeon Overview and Level Annotations

Branches:
Dungeon (13/15)            Temple (1/1) D:7            Lair (0/5) D:10
    Orc (0/2) D:10        Ossuary (visited)
 Vaults: D:13-14

Altars:
Ashenzari
Cheibriados
Dithmenos
Elyvilon
Fedhas
Gozag
Hepliaklqana
Kikubaaqudgha
Makhleb
Nemelex Xobeh
Okawaru
Qazlal
Ru
Sif Muna
Trog
Uskayaw
Vehumet
Wu Jian
Xom
Yredelemnul
Zin
The Shining One

Shops:
D:12 ([?(   D:13 [

Annotations:
D:13 Rupert


Innate Abilities, Weirdness & Mutations

You have a pair of horns on your head.
You reflexively headbutt those who attack you in melee.
Your mind is acute. (Int +4, Str/Dex -1)
Your flesh is cold resistant. (rC+)
You are somewhat resistant to further mutation.
Your spells are a little easier to cast, but a little less powerful.
Your movements are slightly less encumbered by armour. (ER -2)
You passively dampen the noise of your surroundings.


Message History

Rupert is lightly wounded.
You block Rupert's attack.
You slash Rupert!
Rupert looks as sick as possible!
Rupert is moderately wounded.
You block Rupert's attack.
You hit Rupert.
Rupert looks as sick as possible!
Rupert is moderately wounded.
Rupert completely misses you.
You hit Rupert.
Rupert is moderately wounded.
Rupert hits you with a +3 heavy great mace!
You hit Rupert.
Rupert looks as sick as possible!
You headbutt Rupert!
Rupert is moderately wounded.
Rupert hits you but does no damage.
You slash Rupert!
Rupert looks as sick as possible!
You headbutt Rupert.
Rupert is heavily wounded.
Aiming: Upheaval
Press: ? - help, Dir - move target, f - Rupert
Aim: Rupert, wielding a +3 heavy great mace and wearing a +0 leather armour (heavily wounded, berserk, extremely poisoned) That beam is likely to hit you.
Continue anyway?
The ground shakes violently, spewing rubble!
The blast of rubble hits Rupert!!
Rupert is heavily wounded.
You can no longer give life to nearby clouds.
Rupert closely misses you. You furiously retaliate!
You headbutt Rupert! You slash Rupert!
Rupert looks as sick as possible!
Your headbutt misses Rupert.
Rupert is severely wounded.
You block Rupert's attack.
You slash Rupert!
Rupert looks as sick as possible!
Rupert is severely wounded.
You block Rupert's attack.
You hit Rupert.
Rupert looks as sick as possible!
Rupert is severely wounded.
Rupert hits you with a +3 heavy great mace!!!
* * * LOW HITPOINT WARNING * * *
You slash Rupert!
Rupert looks as sick as possible!
You headbutt Rupert.
Rupert is almost dead.
Rupert hits you with a +3 heavy great mace!!!
You die...

#...#...#
#[..#...#
#...#...#
#...#...# #.
###.#..## #.
#....# #..
#....# #..
#....# #...
#@...#
###...###@####
......@...#
.}........#
.......<..#
########'##
#........#
#........#
#........#


You could see Rupert (berserk, extremely poisoned).

Vanquished Creatures
  Kirke (D:13)
  Erica (D:8)
  A centaur warrior (D:13)
  A boulder beetle (D:12)
  2 two-headed ogres
  A harpy (shapeshifter) (D:13)
  Pikel (D:6)
  2 manticores
  A deep elf pyromancer (D:12)
  A cyclops (D:11)
  Joseph (D:9)
  Maurice (D:12)
  An unseen horror (D:11)
  A kobold demonologist (D:9)
  A tengu conjurer (D:12)
  3 trolls
  Grinder (D:3)
  Sigmund (D:2)
  3 shadows
  A slime creature (D:8)
  3 hogs (D:13)
  25 yaks
  Eustachio (D:5)
  A basilisk (D:11)
  5 vampire mosquitoes (D:11)
  A steam dragon (D:7)
  A wyvern (D:9)
  Menkaure (D:7)
  An acid dragon (D:11)
  Duvessa (D:7)
  2 water moccasins
  An orc warrior (D:7)
  3 ice beasts
  A black bear (D:7)
  6 centaurs
  2 wolves (D:10)
  A phantom (D:7)
  3 kobold brigands (D:9)
  A gnoll sergeant (D:6)
  2 bullfrogs
  6 scorpions
  5 water moccasin zombies (Ossuary)
  16 wights
  Dowan (D:7)
  6 killer bees (D:10)
  3 electric eels (D:10)
  5 howler monkeys
  11 hounds
  3 jellies
  7 orc priests
  4 iguanas
  2 sleepcaps
  12 orc wizards
  3 mummies
  8 adders
  3 gnolls (D:6)
  A shadow imp (D:6)
  5 adder zombies (Ossuary)
  3 worms
  3 dart slugs
  35 orcs
  3 bats
  4 endoplasms (D:2)
  5 giant cockroaches
  7 goblins
  5 hobgoblins
  15 kobolds
  3 quokkas (D:2)
  6 ball pythons
  6 frilled lizards
  3 gnoll zombies (Ossuary)
  8 hobgoblin zombies (Ossuary)
  3 kobold zombies (Ossuary)
  3 orc zombies (Ossuary)
  4 rats
305 creatures vanquished.

Vanquished Creatures (others)
  An orc (D:7)
1 creature vanquished.

Grand Total: 306 creatures vanquished

Notes
Turn   | Place    | Note
-------+----------+-------------------------------------------
     0 | D:1      | lonewolfV2 the Minotaur Fighter began the quest for the
                  | Orb.
     0 | D:1      | Reached XP level 1. HP: 19/19 MP: 0/0
   199 | D:1      | Reached XP level 2. HP: 27/28 MP: 1/1
   744 | D:2      | Found a shimmering altar of Xom.
   913 | D:2      | Reached skill level 5 in Fighting
   967 | D:2      | Reached XP level 3. HP: 33/36 MP: 2/2
  1139 | D:2      | Identified the +9 whip "Leviticus" {freeze, rC+ rN++ Str-4}
  1184 | D:2      | Noticed Sigmund
  1198 | D:2      | Killed Sigmund
  1199 | D:2      | Reached XP level 4. HP: 26/48 MP: 3/3
  1199 | D:2      | Reached XP level 5. HP: 28/53 MP: 4/4
  1403 | D:2      | You fall into a shaft and drop 2 floors!
  1403 | D:4      | Found a basalt altar of Yredelemnul.
  1451 | D:4      | Noticed an ice beast
  1576 | D:3      | Noticed Grinder
  1580 | D:3      | Reached XP level 6. HP: 61/61 MP: 5/5
  1582 | D:3      | Paralysed by Grinder for 3 turns
  1591 | D:3      | Killed Grinder
  1661 | D:3      | Found an ornate altar of the Wu Jian Council.
  1989 | D:4      | Reached XP level 7. HP: 71/71 MP: 6/6
  1995 | D:4      | Reached skill level 10 in Fighting
  2437 | D:5      | Entered Level 5 of the Dungeon
  2565 | D:5      | Reached skill level 5 in Maces & Flails
  2644 | D:5      | Reached XP level 8. HP: 79/79 MP: 7/7
  2718 | D:5      | Noticed Eustachio
  2731 | D:5      | Killed Eustachio
  2896 | D:5      | Found a sand-covered staircase.
  2906 | Ossuary  | Entered an ossuary
  3522 | D:6      | Reached skill level 10 in Maces & Flails
  3527 | D:6      | Reached XP level 9. HP: 65/85 MP: 8/8
  3553 | D:6      | Noticed Pikel
  3561 | D:6      | Killed Pikel
  3574 | D:6      | Found a sacrificial altar of Ru.
  4614 | D:7      | Noticed Dowan
  4617 | D:7      | Noticed Duvessa
  4626 | D:7      | Killed Dowan
  4627 | D:7      | Killed Duvessa
  4632 | D:7      | Found a staircase to the Ecumenical Temple.
  4772 | D:7      | Reached XP level 10. HP: 89/93 MP: 9/9
  4825 | D:7      | Found the +7 staff of the Meek {protect, meekguard}
  4868 | Temple   | Entered the Ecumenical Temple
  4936 | Temple   | Became a worshipper of Qazlal Stormbringer
  4999 | D:7      | Reached skill level 1 in Invocations
  5087 | D:7      | Noticed Menkaure
  5093 | D:7      | Killed Menkaure
  5603 | D:8      | Reached skill level 10 in Dodging
  5876 | D:8      | Noticed Erica
  5904 | D:8      | Killed Erica
  5905 | D:8      | Reached skill level 5 in Invocations
  6007 | D:8      | Identified the +7 falchion "Daessom" {venom, rF++ rCorr
                  | Str-4 Int+2}
  6035 | D:8      | Identified the +2 dagger of Xiessux {freeze, rElec rF++
                  | Str+2 Int-4}
  6442 | D:9      | Reached skill level 1 in Long Blades
  6488 | D:9      | Reached * piety under Qazlal
  7096 | D:9      | Noticed Joseph
  7116 | D:9      | Killed Joseph
  7119 | D:9      | Reached XP level 11. HP: 60/96 MP: 15/15
  7568 | D:9      | Found a bloodstained altar of Trog.
  7668 | D:9      | Noticed a sun demon
  7674 | D:9      | Reached ** piety under Qazlal
  7794 | D:10     | Entered Level 10 of the Dungeon
  7794 | D:10     | Found a staircase to the Orcish Mines.
  7807 | D:10     | Found a white marble altar of Elyvilon.
  7818 | D:10     | Identified the +1 leather armour of Disaster {+Blink Will++
                  | Dex-3 Slay+3}
  7864 | D:10     | Noticed a two-headed ogre
  7872 | D:10     | Killed a two-headed ogre
  7873 | D:10     | Reached skill level 5 in Long Blades
  8194 | D:10     | Found a shadowy altar of Dithmenos.
  8298 | D:10     | Found a burning altar of Makhleb.
  8298 | D:10     | Found an opulent altar of Gozag.
  8914 | D:10     | Found a staircase to the Lair.
  9277 | D:10     | Reached skill level 5 in Armour
 10641 | D:12     | Noticed a deep elf pyromancer
 10646 | D:12     | Killed a deep elf pyromancer
 10654 | D:12     | Noticed a two-headed ogre
 10664 | D:12     | Killed a two-headed ogre
 10665 | D:12     | Reached XP level 12. HP: 87/106 MP: 18/18
 10789 | D:12     | Found an opulent altar of Gozag.
 10790 | D:12     | Noticed a boulder beetle
 10819 | D:12     | Killed a boulder beetle
 11182 | D:12     | Found Foiwy's Weapon Emporium.
 11188 | D:12     | Found Moprog's Armour Shop.
 11249 | D:12     | Found Totifill's Weapon Shop.
 11251 | D:12     | Noticed Maurice
 11278 | D:12     | Killed Maurice
 11637 | D:12     | Reached *** piety under Qazlal
 11766 | D:12     | Found Kalaug Tile's Magic Scroll Shoppe.
 11858 | D:12     | Gained mutation: Your muscles are strong. (Str +4, Int/Dex
                  | -1) [potion of mutation]
 11858 | D:12     | Gained mutation: You are covered in fur. (AC +1) [potion of
                  | mutation]
 11858 | D:12     | Gained mutation: You sometimes lose your temper in combat.
                  | [potion of mutation]
 11858 | D:12     | Gained mutation: You are somewhat resistant to further
                  | mutation. [potion of mutation]
 11859 | D:12     | Lost mutation: You are somewhat resistant to further
                  | mutation. [potion of mutation]
 11859 | D:12     | Lost mutation: You are covered in fur. (AC +1) [potion of
                  | mutation]
 11859 | D:12     | Lost mutation: You sometimes lose your temper in combat.
                  | [potion of mutation]
 11859 | D:12     | Gained mutation: You have a pair of large horns on your
                  | head. [potion of mutation]
 11859 | D:12     | Gained mutation: You expend magic power (3 MP) to
                  | strengthen your wands. [potion of mutation]
 11859 | D:12     | Gained mutation: Your spells are a little easier to cast,
                  | but a little less powerful. [potion of mutation]
 11860 | D:12     | Lost mutation: Your muscles are strong. (Str +4, Int/Dex
                  | -1) [potion of mutation]
 11860 | D:12     | Lost mutation: Your spells are a little easier to cast, but
                  | a little less powerful. [potion of mutation]
 11860 | D:12     | Gained mutation: Your spells are a little easier to cast,
                  | but a little less powerful. [potion of mutation]
 11860 | D:12     | Gained mutation: You have hidden genetic potential. [potion
                  | of mutation]
 11860 | D:12     | Gained mutation: You are strong-willed. (Will+) [potion of
                  | mutation]
 11861 | D:12     | Lost mutation: You are strong-willed. (Will+) [potion of
                  | mutation]
 11861 | D:12     | Lost mutation: You have a pair of large horns on your head.
                  | [potion of mutation]
 11861 | D:12     | Gained mutation: Potions are less effective at restoring
                  | your health. [potion of mutation]
 11861 | D:12     | Gained mutation: Your mind is acute. (Int +4, Str/Dex -1)
                  | [potion of mutation]
 11861 | D:12     | Gained mutation: You passively dampen the noise of your
                  | surroundings. [potion of mutation]
 11862 | D:12     | Lost mutation: Potions are less effective at restoring your
                  | health. [potion of mutation]
 11862 | D:12     | Lost mutation: You expend magic power (3 MP) to strengthen
                  | your wands. [potion of mutation]
 11862 | D:12     | Lost mutation: You have hidden genetic potential. [potion
                  | of mutation]
 11862 | D:12     | Gained mutation: Your movements are slightly less
                  | encumbered by armour. (ER -2) [potion of mutation]
 11862 | D:12     | Gained mutation: You are somewhat resistant to further
                  | mutation. [potion of mutation]
 11862 | D:12     | Gained mutation: Your flesh is cold resistant. (rC+)
                  | [potion of mutation]
 12010 | D:13     | Found Seiveadgh's Antique Armour Shop.
 12017 | D:13     | Noticed Kirke
 12040 | D:13     | Killed Kirke
 12149 | D:13     | Reached skill level 10 in Armour
 12199 | D:13     | Noticed a centaur warrior
 12208 | D:13     | Killed a centaur warrior
 12442 | D:13     | Noticed Rupert
 12468 | D:13     | Annihilated by Rupert

Illustrated notes

Levels and vault maps discovered:
D:1:      dpeg_arrival_long_road, layout_basic
D:2:      layout_loops_cross, serial_forest, infiniplex_forest_clump_double,
          infiniplex_forest_straight_3, infiniplex_forest_lined_2,
          infiniplex_forest_straight_3, infiniplex_forest_zigzag_2,
          infiniplex_forest_clump_curved, infiniplex_forest_straight_2,
          infiniplex_forest_clump_curved, infiniplex_forest_end_3, basic_altar,
          minivault_24, uniq_sigmund
D:3:      layout_rooms, general_overflow_altar, uniq_grinder
D:4:      layout_cave_pools, amcnicky_altar_gilded
D:5:      layout_basic, gup_ossuary_entry_pyramid, minmay_manual_mail,
          uniq_eustachio
D:6:      layout_layer_cave, nicolae_ru_great_annihilating_truth, uniq_pikel
D:7:      layout_basic, minmay_temple_entry_drinking_statues,
          pf_guarded_unrand_meek, uniq_duvessa, uniq_menkaure
D:8:      layout_cave_pools, kennysheep_just_a_vault, uniq_erica
D:9:      layout_gridville, mainiacjoe_overflow_concentric_impassable,
          mrwooster_statue_mirror, uniq_joseph
D:10:     layout_roguey, mainiacjoe_overflow_small_starburst,
          gammafunk_temple_overflow_statue, overflow_temple_1_default,
          erik_lair_island
D:11:     layout_gridville
D:12:     layout_irregular_city, serial_shops, nicolae_shop_rolled_up,
          nicolae_shop_advertising_works [nicolae_subvault_shop_adworks], shop,
          shop_statue, grunt_gozag_statues, uniq_maurice
D:13:     layout_grid_maze, serial_shops, nicolae_stop_n_shop_2, uniq_kirke,
          uniq_josephine, uniq_rupert
Temple:   zaba_magenta_temple

Skill      XL: |  1  2  3  4  5  6  7  8  9 10 11 12 |
---------------+-------------------------------------+-----
Fighting       | 4 5 7 8 9 10 | 10.1
Maces & Flails | 5 10 | 10.2
Dodging        | 2 9 10 | 10.1
Invocations    | 7 9 |  9.5
Long Blades    | 3 8 9 |  9.4
Armour         | 8 10 | 10.4
Axes           | |  2.4
Shields        | |  3.6

Action                     |  1- 3 |  4- 6 |  7- 9 | 10-12 || total
---------------------------+-------+-------+-------+-------++-------
  Melee: War axe           |    43 |       |       |       ||    43
         Headbutt          |     9 |     5 |    57 |   124 ||   195
         Whip              |    10 |    32 |   295 |    90 ||   427
         Falchion          |       |       |       |   391 ||   391
 Invoke: Upheaval          |       |       |       |     1 ||     1
  Evoke: Wand              |       |       |     5 |    12 ||    17
    Use: Scroll            |     2 |     6 |     7 |     5 ||    20
         Potion            |       |       |       |    22 ||    22
   Stab: Paralysed         |       |       |     1 |       ||     1
 Armour: Scale mail        |    11 |       |       |       ||    11
         Chain mail        |    27 |    13 |   102 |   148 ||   290
         Plate armour      |       |       |       |    90 ||    90
  Dodge: Dodged            |    26 |    16 |   131 |   432 ||   605
  Block: Buckler           |    10 |     7 |    59 |   279 ||   355
         Reflection        |       |       |       |     5 ||     5
